[Event "Fagernes Chess GM-Swiss 2024"]
[Site "Fagernes"]
[Date "2024.03.25"]
[Round "2"]
[White "Gasland, Lukas Dominik"]
[Black "Rasmussen, Casper"]
[Result "1/2-1/2"]
[ECO "D12"]
[WhiteElo "1985"]
[BlackElo "2244"]
[Annotator "RC"]
[PlyCount "174"]
[EventDate "2024.03.25"]
[EventType "swiss"]
[EventCountry "NOR"]
[SourceTitle "playchess.com"]
[Source "ChessBase"]
[SourceQuality "1"]
[TimeControl "40/6000+30:2400+30"]

1. d4 d5 2. c4 c6 3. Nc3 Nf6 4. e3 Bf5 5. Qb3 Qb6 6. Nf3 e6 7. c5 Qc7 8. Qa4 Be7 9. b4 O-O 10. Be2 Nbd7 11. b5 cxb5 12. Nxb5 Qc6 13. Qb3 Rfc8 14. O-O b6 15. cxb6 Bc2 16. Qb2 Qxb6 17. a4 Rab8 18. a5 Qd8 19. a6 Bg6 20. Bd2 Nb6 21. Nxa7 Rc2 22. Qb5 Qc7 23. Bd3 Rxd2 24. Nxd2 Qxa7 25. Bxg6 hxg6 26. Rfb1 Nfd7 27. Qa5 f6 28. Rb5 Kf7 29. Rab1 Bd6 30. e4 Bf4 31. exd5 exd5 32. Re1 Bxd2 33. Qxd2 Qxa6 34. Qe2 Nf8 35. Qe7+ Kg8 36. Rc5 Rc8 37. h4 Rxc5 38. dxc5 Nbd7 39. Qd8 Qc6 40. Re8 d4 41. Qc8 Qxc8 42. Rxc8 Kf7 43. c6 Nb6 44. Rb8 Nd5 45. Rb7+ Ke6 46. c7 Kd7 47. Rb8 Kxc7 48. Rxf8 d3 49. Kf1 d2 50. Ke2 Nf4+ 51. Kxd2 Nxg2 52. Rh8 Kd6 53. Ke2 Nf4+ 54. Kf3 Ne6 55. Ra8 f5 56. Kg3 Ke5 57. Ra6 Kf6 58. Kf3 Kf7 59. Ke3 Kf6 60. f4 Kf7 61. Rb6 Ke7 62. Rb1 Kf6 63. Rf1 Kf7 64. Kd3 Ke7 65. Kc4 Kd6 66. Kd3 Ke7 67. Ke3 Kf6 68. Rb1 Kf7 69. Rb4 Kf6 70. Rc4 Kf7 71. Kd3 Kg8 72. Rc8+ Kf7 73. Ke3 Ke7 74. Ra8 Kf7 75. Ra7+ Kf8 76. Rd7 Ke8 77. Rd5 Kf7 78. h5 Kf6 79. hxg6 Kxg6 80. Rd1 Kf6 81. Rd6 g5 82. fxg5+ Ke5 83. Rxe6+ Kxe6 84. Kf4 Kf7 85. Kxf5 Kg7 86. g6 Kg8 87. g7 Kxg7 1/2-1/2

[Event "Fagernes Chess GM-Swiss 2024"]
[Site "Fagernes"]
[Date "2024.03.25"]
[Round "2"]
[White "Stark, John"]
[Black "Myagmarsuren, Evsuld"]
[Result "1-0"]
[ECO "D11"]
[WhiteElo "1947"]
[BlackElo "2138"]
[Annotator "RC"]
[PlyCount "73"]
[EventDate "2024.03.25"]
[EventType "swiss"]
[EventCountry "NOR"]
[SourceTitle "playchess.com"]
[Source "ChessBase"]
[SourceQuality "1"]
[TimeControl "40/6000+30:2400+30"]

1. c4 c6 2. Nf3 d5 3. d4 Nf6 4. g3 Bg4 5. Ne5 Be6 6. Nc3 dxc4 7. e4 b5 8. Bg2 Nfd7 9. f4 Nxe5 10. fxe5 Bc8 11. O-O e6 12. Qf3 Qxd4+ 13. Be3 Qd7 14. Rad1 Qc7 15. Kh1 Bb4 16. a3 Bxc3 17. bxc3 Na6 18. Bg5 O-O 19. Bd8 Qb7 20. Qg4 f5 21. exf6 e5 22. Qg5 Qf7 23. fxg7 Qxg7 24. Rxf8+ Kxf8 25. Be7+ Kg8 26. Rd8+ Kf7 27. Rf8+ Qxf8 28. Bxf8 Kxf8 29. Qf6+ Kg8 30. Qd8+ Kf7 31. Bh3 Bxh3 32. Qxa8 Nc5 33. Qxc6 Nd3 34. Qh6 Bg4 35. Qxh7+ Kf6 36. Kg1 Bf3 37. Qf5+ 1-0

[Event "Fagernes Chess GM-Swiss 2024"]
[Site "Fagernes"]
[Date "2024.03.25"]
[Round "2"]
[White "Aamodt, Peder Marcus"]
[Black "Yaniv, Yuval"]
[Result "0-1"]
[ECO "B33"]
[WhiteElo "1941"]
[BlackElo "2368"]
[Annotator "RC"]
[PlyCount "58"]
[EventDate "2024.03.25"]
[EventType "swiss"]
[EventCountry "NOR"]
[SourceTitle "playchess.com"]
[Source "ChessBase"]
[SourceQuality "1"]
[TimeControl "40/6000+30:2400+30"]

1. e4 c5 2. Nf3 e6 3. d4 cxd4 4. Nxd4 Nf6 5. Nc3 Nc6 6. Ndb5 d6 7. Bf4 e5 8. Bg5 a6 9. Na3 b5 10. Nab1 Ne7 11. Qf3 b4 12. Nd5 Nexd5 13. exd5 Be7 14. Bxf6 Bxf6 15. a3 O-O 16. axb4 e4 17. Qb3 Bd4 18. Nd2 Re8 19. Nc4 Qf6 20. O-O-O Bg4 21. Rxd4 Qxd4 22. Ne3 Bd7 23. Qc3 Qb6 24. Qd2 a5 25. Nc4 axb4 26. Qe3 Qxe3+ 27. fxe3 Ra1+ 28. Kd2 Bg4 29. h3 Rd1# 0-1

[Event "Fagernes Chess GM-Swiss 2024"]
[Site "Fagernes"]
[Date "2024.03.25"]
[Round "2"]
[White "Lien, Sebastian"]
[Black "Rounaiv Rana"]
[Result "0-1"]
[ECO "E61"]
[WhiteElo "1885"]
[BlackElo "2099"]
[Annotator "NA RC"]
[PlyCount "128"]
[EventDate "2024.03.25"]
[EventType "swiss"]
[EventCountry "NOR"]
[SourceTitle "playchess.com"]
[Source "ChessBase"]
[SourceQuality "1"]
[TimeControl "40/6000+30:2400+30"]

1. d4 Nf6 2. c4 g6 3. Nc3 Bg7 4. Nf3 O-O 5. Bg5 d6 6. e3 Nbd7 7. Be2 h6 8. Bh4 c6 9. Qc2 e5 10. dxe5 dxe5 11. O-O Qe8 12. Rad1 a5 13. a3 Nc5 14. Bxf6 Bxf6 15. b4 $11 axb4 16. axb4 Na6 17. Ne4 Be7 18. b5 Nc5 19. Nxc5 Bxc5 20. bxc6 bxc6 21. Qe4 f6 22. Rd8 Bf5 23. Rxe8 Bxe4 24. Rxa8 Rxa8 25. Nd2 Bf5 26. Bf3 Ra6 27. Ne4 Bxe4 28. Bxe4 f5 29. Bc2 Ra2 30. Bb3 Ra3 31. Rb1 Bb4 32. g4 c5 33. gxf5 gxf5 34. Bc2 e4 35. Rd1 Rc3 36. Ba4 Kg7 37. Bb5 Rc2 38. h4 Bd2 39. Ra1 Kf6 40. Kf1 f4 41. exf4 Kf5 42. Ra8 Kg4 43. Rg8+ Kf3 44. Rg3+ Kxf4 45. Rg8 Bc3 46. Rf8+ Kg4 47. Bd7+ Kxh4 48. Rf4+ Kg5 49. Rxe4 Bd4 50. f4+ Kh4 51. f5+ Kg3 52. Be6 Kf3 53. Bd5 Rf2+ 54. Ke1 Bc3+ 55. Kd1 Rd2+ 56. Kc1 Rxd5 57. Rh4 Bd2+ 58. Kc2 Bg5 59. Rh3+ Kg4 60. Rxh6 Bxh6 61. cxd5 Kxf5 62. Kd3 Ke5 63. Kc4 Be3 64. Kd3 Bd4 0-1

[Event "Fagernes Chess GM-Swiss 2024"]
[Site "Fagernes"]
[Date "2024.03.25"]
[Round "2"]
[White "Stai, Sondre"]
[Black "Lund, Gunnar"]
[Result "0-1"]
[ECO "C00"]
[WhiteElo "1842"]
[BlackElo "2335"]
[Annotator "RC"]
[PlyCount "66"]
[EventDate "2024.03.25"]
[EventType "swiss"]
[EventCountry "NOR"]
[SourceTitle "playchess.com"]
[Source "ChessBase"]
[SourceQuality "1"]
[TimeControl "40/6000+30:2400+30"]

1. e4 e6 2. d3 d5 3. Nd2 Nf6 4. Ngf3 c5 5. g3 Nc6 6. Bg2 Be7 7. O-O O-O 8. e5 Nd7 9. Re1 b5 10. Nf1 a5 11. Bf4 Re8 12. h4 Bf8 13. c3 a4 14. N1h2 b4 15. c4 Nb6 16. Qc2 Bb7 17. Ng4 b3 18. axb3 Nb4 19. Qe2 axb3 20. Rxa8 Bxa8 21. Ng5 h6 22. Nxh6+ gxh6 23. Qg4 Bg7 24. Ne4 h5 25. Qxh5 dxe4 26. Bg5 Qxd3 27. Rd1 Qc2 28. Bh3 e3 29. fxe3 Qe4 30. Kh2 Nxc4 31. Bf6 Nxe5 32. Bxe5 Qxe5 33. Qg4 Nd5 0-1

[Event "Fagernes Chess GM-Swiss 2024"]
[Site "Fagernes"]
[Date "2024.03.25"]
[Round "2"]
[White "Rynning, Rune Kleiven"]
[Black "Valcu, Lavinia"]
[Result "1-0"]
[ECO "B15"]
[WhiteElo "1813"]
[BlackElo "2070"]
[Annotator "NA RC"]
[PlyCount "119"]
[EventDate "2024.03.25"]
[EventType "swiss"]
[EventCountry "NOR"]
[SourceTitle "playchess.com"]
[Source "ChessBase"]
[SourceQuality "1"]
[TimeControl "40/6000+30:2400+30"]

1. e4 c6 2. Nc3 d5 3. Nf3 g6 4. d4 Bg7 5. Bf4 Bg4 6. exd5 cxd5 7. Nb5 Na6 {[%emt 0:01:28] B15: Caro-Kann (Flohr-Variante).} 8. h3 Bxf3 9. Qxf3 Nf6 10. Be2 O-O 11. O-O Nb4 12. c3 Nc6 13. a4 a6 14. Na3 Re8 15. Nc2 Ne4 16. Rfd1 Rc8 17. Ne1 Na5 18. Nd3 Nc4 19. Rab1 f6 20. Nc5 e5 21. Bxc4 exf4 22. Nxe4 Rxc4 23. Nc5 b6 24. b3 Rxc3 25. Qxc3 bxc5 26. Qxc5 f3 27. Re1 Re4 28. gxf3 Bf8 29. Qc6 Rxe1+ 30. Rxe1 f5 31. Re8 Qg5+ 32. Kf1 Kg7 33. Qd7+ Kh6 34. Qxd5 Bb4 35. Qe5 Qc1+ 36. Kg2 Qg5+ 37. Qg3 Qf6 38. h4 Bd2 39. d5 Qf7 40. Re6 a5 41. f4 Kg7 42. Qd3 Bb4 43. Qd4+ Kh6 44. Qe5 Ba3 45. Rc6 Qb7 46. Rc7 Qxb3 47. Qg7+ Kh5 48. Qxh7+ Kg4 49. Qxg6+ Kxf4 50. Qg3+ Qxg3+ 51. fxg3+ Ke5 52. Rc3 Be7 53. Rd3 f4 {[%emt 0:00:33] [#]} 54. d6 Bd8 55. gxf4+ Kxf4 56. Rf3+ Ke5 57. Rf8 Bxh4 58. d7 Kd6 59. d8=Q+ Bxd8 60. Rxd8+ 1-0

[Event "Fagernes Chess GM-Swiss 2024"]
[Site "Fagernes"]
[Date "2024.03.26"]
[Round "3.1"]
[White "Jumabayev, Rinat"]
[Black "Ghasi, Ameet K"]
[Result "1-0"]
[ECO "B40"]
[WhiteElo "2598"]
[BlackElo "2485"]
[Annotator "TA"]
[PlyCount "87"]
[EventDate "2024.03.25"]
[EventType "swiss"]
[EventCountry "NOR"]
[SourceTitle "playchess.com"]
[Source "ChessBase"]
[SourceQuality "1"]
[TimeControl "40/6000+30:2400+30"]

1. e4 c5 2. Nf3 e6 3. c3 d5 4. e5 d4 5. d3 Ne7 6. g3 {[%emt 0:03:56] B40: Sicilian: 2...e6, Unusual lines.} Nbc6 7. Bg2 dxc3 8. bxc3 b6 9. O-O Bb7 10. Qe2 Qd7 11. Rd1 Nd5 12. Bb2 Rd8 13. Nbd2 Be7 14. Ne4 Qc8 $146 ({Predecessor:} 14... O-O 15. c4 Nc7 16. Nf6+ Bxf6 17. exf6 g6 18. d4 cxd4 19. Nxd4 Nxd4 20. Rxd4 Qc8 {1-0 Garcia Padron,J (2460)-Pomes Marcet,J (2395) ESP-chT Salamanca 1998 (8)}) 15. c4 Ndb4 16. a3 Na6 17. Qe3 h6 18. h4 Na5 19. Bc3 Nb8 20. Bxa5 bxa5 21. Rab1 Bxe4 22. Qxe4 Nc6 (22... Rd7 $16 {keeps fighting.}) 23. Nd2 $18 Nd4 24. Rb7 Rd7 25. Rdb1 O-O {[%emt 0:00:16] [#]} 26. Rxd7 $1 Qxd7 27. Rb7 Qe8 28. Rxa7 Bd8 {[%emt 0:00:01] [#]} 29. Nf3 $1 Nxf3+ 30. Bxf3 Qa4 31. Qc6 Qxa3 32. Qd6 Qb4 (32... Qb2 $142 33. Rb7 (33. Qxc5 $2 {is the wrong capture.} Bb6 $19) 33... Qd4 34. Qxd4 cxd4) 33. Rb7 Qe1+ (33... Qc3 {is a better defense.} 34. Rd7 (34. Qxc5 Qxd3 35. Kg2 g6 $16) 34... Qd4 35. Qxd4 cxd4) 34. Kg2 $18 a4 35. Qxc5 (35. Ra7 $18 {[%cal Oa7a8] is more deadly. Ra8! would now be deadly.} Qb4 36. Bh5 (36. Ra8 Qb6 $18)) 35... Ba5 $2 (35... Qa5 $16 {keeps fishing.} 36. Rb5 Qc3) 36. Be4 $18 g6 37. Qe7 Bd8 38. Qd6 Qa5 $2 (38... Ba5 39. Qe7 Bd8) 39. Rb5 $2 (39. Bxg6 $18 {[%cal Od6d7] has better winning chances. And now Qd7! would win.} Bxh4 40. Bxf7+ (40. gxh4 Qd2 $18) 40... Rxf7 41. Qxe6) 39... Qa7 $16 40. Rb7 $2 (40. Qa3 $16) 40... Qa5 $18 41. Bxg6 a3 42. Qd7 a2 43. Bxf7+ Kh8 44. Bg6 1-0

[Event "Fagernes Chess GM-Swiss 2024"]
[Site "Fagernes"]
[Date "2024.03.26"]
[Round "3.2"]
[White "Ganguly, Surya Shekhar"]
[Black "Sokolovsky, Yahli"]
[Result "1-0"]
[ECO "E95"]
[WhiteElo "2574"]
[BlackElo "2475"]
[Annotator "TA"]
[PlyCount "49"]
[EventDate "2024.03.25"]
[EventType "swiss"]
[EventCountry "NOR"]
[SourceTitle "playchess.com"]
[Source "ChessBase"]
[SourceQuality "1"]
[TimeControl "40/6000+30:2400+30"]

1. Nf3 Nf6 2. c4 g6 3. Nc3 Bg7 4. e4 d6 5. d4 O-O 6. Be2 e5 7. O-O h6 8. Re1 Nbd7 9. Bf1 Re8 10. b3 exd4 11. Nxd4 c5 {[%emt 0:00:15] Die Stellung ist ausgeglichen.} 12. Ndb5 Re6 (12... Nxe4 $6 13. Nxe4 Bxa1 14. Bxh6 $16 (14. Nbxd6 Re7 $16)) 13. Rb1 (13. Nxd6 $2 Ng4 14. Qxg4 Bxc3 15. Bxh6 Nf6 $19 (15... Rxd6 $2 16. Bg5 $19) (15... Bxe1 $2 16. Rxe1 Rxd6 17. h4 $19)) 13... a6 $1 14. Nxd6 {[%emt 0:00:11] Bb2 wäre nun fies.} Ne8 {[%emt 0:00:57] [#]} 15. Nxf7 $1 Kxf7 16. Bb2 Nd6 17. g3 Nb8 (17... Bd4 $1 $11) 18. Na4 $36 {[%emt 0:18:59][%mdl 2048] Zielt auf e5 ab. Weiss bestimmt, wo es lang geht.} Bxb2 19. Rxb2 {[%emt 0:00:17][%cal Bb1b2,Bb2b4,Bb4b5][%mdl 32] Und Bh3 würde nun gewinnen.} Qc7 20. Qd5 b6 {[%emt 0:09:49] [#] Verliert die Partie.} 21. Bh3 $1 $18 (21. Qxa8 $2 Bb7 22. Qa7 Nc8 $19 (22... Nxe4 $2 23. Bg2 $18) (22... Nxe4 $2 23. Bg2 $18)) 21... Nb7 $2 (21... Qc6 22. Nxb6 (22. Bxe6+ Bxe6 23. Qxc6 Nxc6 $16) 22... Qxb6) 22. b4 (22. Bxe6+ Bxe6 23. Qd2 Nc6 $16) 22... cxb4 23. Rxb4 (23. Bxe6+ Bxe6 24. Qd2 Nd7 $11) 23... b5 (23... Nc6 {ist zäher.}) 24. cxb5 ({Und nicht} 24. Bxe6+ Bxe6 25. Qd2 bxa4 26. Qf4+ (26. Qxh6 Nd7 $15) 26... Qxf4 27. Rxb7+ Nd7 28. gxf4 Rc8 $11) 24... axb5 25. Rxb5 {[%emt 0:00:33] Gewichteter Fehlerwert: Weiß=0.48/Schwarz=0.85.  Verlustzug:     	---       	Schwarz=1     Fehler:       	---       	Schwarz=3     Ungenau:       	Weiß=3     	Schwarz=1     OK:         	Weiß=3     	Schwarz=2     Bester:       	Weiß=1     	Schwarz=2     Stark:        	Weiß=1     	Schwarz=1     Brilliant:      	Weiß=1     	---} (25. Bxe6+ Bxe6 26. Qxb5 Nd7 $16) 1-0

[Event "Fagernes Chess GM-Swiss 2024"]
[Site "Fagernes"]
[Date "2024.03.26"]
[Round "3.3"]
[White "Gorshtein, Ido"]
[Black "Kvaloy, Aksel Bu"]
[Result "1-0"]
[ECO "A20"]
[WhiteElo "2539"]
[BlackElo "2454"]
[Annotator "TA"]
[PlyCount "79"]
[EventDate "2024.03.25"]
[EventType "swiss"]
[EventCountry "NOR"]
[SourceTitle "playchess.com"]
[Source "ChessBase"]
[SourceQuality "1"]
[TimeControl "40/6000+30:2400+30"]

1. c4 e5 2. g3 Nf6 3. Bg2 c6 4. Nf3 e4 5. Nd4 Qb6 6. e3 d5 7. d3 Bb4+ 8. Bd2 {[%emt 0:06:55] The position is equal.} O-O 9. O-O (9. cxd5 {keeps more tension.} exd3 10. Bxb4 Qxb4+ 11. Qd2) 9... Bg4 10. Qb3 Bxd2 11. Nxd2 c5 12. Qxb6 axb6 13. Nb5 {[%emt 0:00:09] aiming for Nc7.} Be2 14. dxe4 {[%emt 0:16:55] Black must now prevent Rfe1.} Nxe4 (14... Bxf1 $11 {keeps the balance.} 15. Kxf1 dxe4) 15. Rfe1 $36 {[%emt 0:03:36][%mdl 2048] White has strong initiative.} (15. Nxe4 $6 Bxf1 16. Kxf1 dxe4 $11) (15. Bxe4 $6 dxe4 16. Rfc1 Bd3 $11) 15... Bd3 16. Nxe4 (16. Nc7 $18 Ra7 17. cxd5) 16... dxe4 $14 17. Nc7 Ra5 18. Bf1 Bxf1 19. Kxf1 Nc6 {[%emt 0:14:24] Black is now going downhill.} 20. Red1 Ne5 21. b3 Nd3 {[%emt 0:00:57] [#]} 22. a4 $1 f5 23. Nd5 Ra6 (23... g5 $16 {keeps fighting.} 24. Ke2 (24. Nxb6 f4 $16) 24... Raa8) 24. Ke2 g5 {[%emt 0:07:28] [#]} (24... Raa8 $16 25. Nxb6 Ra6) 25. Nc7 $1 $18 Ra5 26. Ne6 Rf6 27. Nxg5 Ra8 28. Nh3 Kf7 (28... Rd8 $142 29. Nf4 Rfd6) 29. Nf4 Nxf4+ 30. exf4 {[%emt 0:00:45][%mdl 4096] Endgame. KRR-KRR} Re6 (30... Ke8 {is a better defense.} 31. Rd5 Rc8) 31. Rd7+ Re7 32. Rd5 Kf6 33. Rad1 h5 34. Rd8 Rxd8 35. Rxd8 {[%emt 0:00:22] KR-KR} h4 36. Rd6+ ({Don't play} 36. gxh4 Rh7 37. Rd6+ Ke7 38. Rxb6 Rxh4) 36... Re6 (36... Kf7 $18 37. Rxb6 (37. gxh4 b5 $18) 37... h3) 37. Rxe6+ Kxe6 38. f3 ({Weaker is} 38. gxh4 Kf7 $11) (38. Ke3 $142 h3 39. g4 Kf6 40. f3 exf3 41. Kxf3 Ke6 42. Kg3 fxg4 43. Kxg4) 38... exf3+ 39. Kxf3 Kf6 40. g4 {[%emt 0:00:11] Weighted Error Value: White=0.13 (very precise) /Black=0.60.  Mistake:       	White=1     	Black=6      Inaccurate:     	White=1     	Black=3      OK:         	White=12    	Black=13     Best:        	White=4     	Black=1} ({Inferior is} 40. gxh4 Kg6 $11) 1-0

[Event "Fagernes Chess GM-Swiss 2024"]
[Site "Fagernes"]
[Date "2024.03.26"]
[Round "3.4"]
[White "Kulaots, Kaido"]
[Black "Willow, Jonah B"]
[Result "1/2-1/2"]
[ECO "B40"]
[WhiteElo "2534"]
[BlackElo "2446"]
[Annotator "TA"]
[PlyCount "82"]
[EventDate "2024.03.25"]
[EventType "swiss"]
[EventCountry "NOR"]
[SourceTitle "playchess.com"]
[Source "ChessBase"]
[SourceQuality "1"]
[TimeControl "40/6000+30:2400+30"]

1. e4 c5 2. Nf3 e6 3. c3 d5 4. e5 d4 5. d3 Nc6 6. g3 Nge7 7. Bg2 Ng6 8. Qe2 dxc3 9. bxc3 Qc7 10. O-O Ncxe5 11. Nxe5 Qxe5 12. Be3 Be7 13. h4 O-O 14. d4 cxd4 15. cxd4 Qa5 16. h5 Nh8 17. Nd2 Bd7 18. Bxb7 Bb5 {[%emt 0:01:29] Verhindert Nc4.} 19. Qf3 Rab8 20. Rfb1 Bd3 21. Rd1 Qb5 {[%emt 0:05:42][%cal Od3e2] [#] Droht stark ...Be2!} 22. Bc6 $1 Qa6 23. Re1 {[%emt 0:02:42] Lässt Be2 nicht zu} Rb2 24. Bf4 Bb4 25. Bb7 Qb6 26. Qxd3 Qxb7 27. Rec1 Bxd2 28. Bxd2 f6 29. h6 Nf7 30. hxg7 Kxg7 31. Bf4 {[%emt 0:00:28] Mit der Idee Rc7.} e5 32. dxe5 Nxe5 33. Bxe5 fxe5 34. Qd6 {[%emt 0:02:52] [#] Droht Rc7+ und aus. Sehr scharf!} Kg8 {[%emt 0:01:29] Die Stellung ist ausgeglichen.} 35. Qe6+ (35. Qxe5 $2 {ist das falsche Schlagen.} Rbxf2 (35... Rfxf2 36. Qg5+ Kf7 37. Qh5+ Kf8 38. Qc5+ Kg8 39. Qxf2 $11) 36. Qe6+ Kh8 $19) 35... Qf7 36. Qxf7+ (36. Qxe5 $2 {ist ein Selbstmatt.} Qxf2+ 37. Kh1 Qh2#) 36... Rxf7 $11 {[%emt 0:00:06] KRR-KRR} 37. Rf1 e4 38. Rae1 Re7 39. a3 Rb3 40. Re3 Rxe3 41. fxe3 Rc7 {[%emt 0:03:59] Gewichteter Fehlerwert: Weiß=0.10 (sehr präzise) /Schwarz=0.06 (makellos) .  Ungenau:       	Weiß=4     	Schwarz=4     OK:         	Weiß=14    	Schwarz=14    Bester:       	Weiß=1     	Schwarz=3     Stark:        	Weiß=1     	---} 1/2-1/2

[Event "Fagernes Chess GM-Swiss 2024"]
[Site "Fagernes"]
[Date "2024.03.26"]
[Round "3.5"]
[White "Pranav Anand"]
[Black "Elmi, Saad Abobaker"]
[Result "0-1"]
[ECO "C55"]
[WhiteElo "2519"]
[BlackElo "2344"]
[Annotator "TA"]
[PlyCount "144"]
[EventDate "2024.03.25"]
[EventType "swiss"]
[EventCountry "NOR"]
[SourceTitle "playchess.com"]
[Source "ChessBase"]
[SourceQuality "1"]
[TimeControl "40/6000+30:2400+30"]

1. e4 e5 2. Nf3 Nc6 3. Bc4 Nf6 4. d3 Be7 5. O-O O-O 6. a4 a5 7. Re1 d6 8. h3 h6 9. c3 Be6 10. Bxe6 fxe6 11. Nbd2 Nh5 12. Nf1 Qd7 13. N1h2 Rf7 14. Be3 Raf8 15. Qb3 b6 16. Rad1 Nf4 17. Qb5 Qe8 18. Qc4 Qd7 19. Qb5 Qe8 20. Bxf4 Rxf4 21. d4 exd4 22. cxd4 Nb4 23. Re3 Qg6 24. Qe2 Bd8 25. Nf1 c6 26. N1d2 Bc7 27. Rc1 d5 28. exd5 (28. g3 {with more complications.} c5 29. exd5 exd5 30. dxc5 bxc5 31. Rxc5 Bb6 32. Ne5) 28... exd5 29. Re6 R4f6 30. Rxf6 Qxf6 31. Re1 c5 32. dxc5 bxc5 33. b3 Bf4 (33... Qg6 {looks sharper.} 34. Qe7 Qf7 35. Nb1 Nd3) 34. Nf1 Bd6 35. Ne3 Qg6 36. Nh4 Qg5 37. g3 (37. Ng4 $11 Bc7 38. Qe6+ Kh7 39. Nf3) 37... Re8 (37... Rxf2 $1 $17 38. Kxf2 (38. Qxf2 $2 Bxg3 39. Qf5 Bxe1+ 40. Nhg2 Qxf5 $19) 38... Bxg3+ 39. Kf1 Qxh4 (39... Bxh4 40. Rd1 $17)) 38. Qb5 $11 Rf8 39. Qe2 {[%emt 0:02:34] [#]} (39. Qd7 $11 {keeps the balance.} Nd3 40. Qe6+ Kh7 41. Qxd6) 39... Rxf2 $1 $17 40. Kxf2 (40. Qxf2 $2 {perishes.} Bxg3 (40... Qxg3+ $2 {too greedy.} 41. Qxg3 Bxg3 42. Rd1 $18) 41. Qf5 Bxe1+ 42. Qxg5 hxg5 $19) 40... Bxg3+ 41. Kf1 Bxh4 42. Rd1 {[%emt 0:03:53] [#]} Qf4+ $1 43. Kg1 Qe4 44. Rd2 Bg5 45. Nxd5 (45. Nf1 {might work better.} Bxd2 46. Qxe4 dxe4 47. Nxd2) 45... Qxe2 $19 46. Rxe2 Nxd5 47. Re5 Nf6 48. Kf1 Bd2 ({But not} 48... Nd7 49. Rd5 Nf6 50. Rxc5 $19) 49. Rxc5 Bb4 50. Re5 Nd7 51. Re3 Nc5 52. h4 g6 53. Rf3 (53. Kg2 {keeps fighting.}) 53... Kg7 $19 54. Kg2 g5 55. Kh3 Kg6 56. Re3 Nd7 57. Re6+ Nf6 58. Rb6 $2 (58. hxg5 hxg5 59. Re5) 58... Kf5 $19 59. Rb5+ Kf4 60. Rb6 Ke5 (60... Nd5 $142 61. Rxh6 g4+ 62. Kg2 Ne3+ 63. Kh2 g3+ 64. Kh3 g2) 61. Rb5+ Kf4 (61... Ke4 $142 62. Rb6 g4+ 63. Kg3 Be1+ 64. Kg2 Bxh4) 62. Rb6 $1 $19 g4+ 63. Kg2 Ke5 64. Rb5+ Nd5 65. h5 Ke4 66. Kg3 Ne3 67. Kf2 Kf4 68. Rb6 g3+ 69. Kg1 Nf5 70. Kg2 Nh4+ 71. Kh3 g2 72. Rf6+ Ke5 0-1

[Event "Fagernes Chess GM-Swiss 2024"]
[Site "Fagernes"]
[Date "2024.03.26"]
[Round "3.6"]
[White "Trost, Edvin"]
[Black "Sasikiran, Krishnan"]
[Result "1/2-1/2"]
[ECO "D10"]
[WhiteElo "2432"]
[BlackElo "2578"]
[Annotator "TA"]
[PlyCount "57"]
[EventDate "2024.03.25"]
[EventType "swiss"]
[EventCountry "NOR"]
[SourceTitle "playchess.com"]
[Source "ChessBase"]
[SourceQuality "1"]
[TimeControl "40/6000+30:2400+30"]

1. d4 d5 2. c4 c6 3. cxd5 cxd5 4. Bg5 f6 5. Bd2 Nc6 6. Nc3 e6 7. Nf3 Nge7 8. e4 dxe4 9. Nxe4 Nd5 10. Bc4 Be7 11. O-O O-O 12. Re1 Kh8 13. Rc1 Bd6 14. Bb3 Nce7 15. h4 b6 16. h5 a5 (16... Bf4 $14) 17. Nxd6 Qxd6 18. Qe2 Bd7 19. Qe4 Rf7 20. Nh4 Kg8 21. Bc2 {[%emt 0:04:30] Weiß steht aktiver.} f5 22. Qe2 h6 23. Nf3 Rf6 24. Bd3 Rd8 25. Bb5 Bxb5 26. Qxb5 Qd7 27. Qe2 Qe8 28. Ne5 Qa4 ({Günstiger ist} 28... Rf8 $11) 29. Qc4 {[%emt 0:05:09] Gewichteter Fehlerwert: Weiß=0.12 (sehr präzise) /Schwarz=0.13 (sehr präzise) .  Fehler:       	Weiß=1     	Schwarz=2     Ungenau:       	Weiß=3     	Schwarz=2     OK:         	Weiß=7     	Schwarz=9     Bester:       	---       	Schwarz=1} (29. g4 $1 $14) 1/2-1/2

[Event "Fagernes Chess GM-Swiss 2024"]
[Site "Fagernes"]
[Date "2024.03.26"]
[Round "3.7"]
[White "Panda Sambit"]
[Black "Amar, Elham"]
[Result "1-0"]
[ECO "D35"]
[WhiteElo "2377"]
[BlackElo "2567"]
[Annotator "TA"]
[PlyCount "91"]
[EventDate "2024.03.25"]
[EventType "swiss"]
[EventCountry "NOR"]
[SourceTitle "playchess.com"]
[Source "ChessBase"]
[SourceQuality "1"]
[TimeControl "40/6000+30:2400+30"]

1. d4 Nf6 2. c4 e6 3. Nf3 d5 4. Nc3 Nbd7 5. cxd5 exd5 6. Bf4 Bb4 7. e3 Ne4 8. Qc2 g5 9. Be5 Nxe5 {[%emt 0:00:42] White has an edge.} 10. Nxe5 {[%emt 0:00:04] Hoping for Qa4+.} c6 11. Bd3 f6 12. Nf3 Qe7 13. a3 Bxc3+ 14. bxc3 Bf5 15. Nd2 Kf7 16. Bxe4 dxe4 17. O-O Bg6 18. c4 Kg7 19. c5 h5 20. Nc4 h4 21. Rfb1 Rad8 (21... Rhb8 $16) 22. Rb4 (22. Rb2 $18) 22... Rd7 23. Rab1 (23. h3 $16) 23... Rc8 ({Black should play} 23... h3 $14) 24. Qb2 $16 Rcc7 25. Na5 Qe6 26. Nxb7 h3 {[%emt 0:01:40] [#]} 27. Qe2 {[%emt 0:01:09] Repels Qg4} (27. g3 $142 $1) 27... hxg2 28. Nd6 (28. Kxg2 Rc8 29. Rg1 Rh8 $17) 28... Kh6 29. Kxg2 {[%emt 0:03:56] White is more active.} ({White should try} 29. Qc4 $16 Qh3 30. Qg8) 29... Bh5 $11 30. Qc4 Bf3+ 31. Kf1 $1 Qh3+ 32. Ke1 {[%emt 0:00:01] Black must now prevent Ne8.} Kh5 $2 (32... Qxh2 $11 {and Black has nothing to worry.} 33. Rb8 Rh7) 33. Ne8 $18 Rf7 34. Nxc7 Rxc7 35. Rb8 Rh7 {[%emt 0:01:05][%cal Bc7h7,Bh7h6,Bh6h2][%mdl 32] Dodges Rh8} 36. R1b7 Rh6 37. Qf7+ (37. Rxa7 Qxh2 38. Rf8 Kg4 $11) (37. Kd2 Qg2 38. Qc1 (38. Rxa7 Qxh2 39. Rd8 Qxf2+ 40. Kc3 Qxe3+ 41. Kb4 f5 $19) 38... Qxf2+ 39. Kc3 Qxh2 $14) 37... Kg4 38. Qc7 (38. Rxa7 Qxh2 39. Rb2 Qg1+ 40. Kd2 Qxf2+ 41. Kc3 Qxe3+ 42. Kb4 Qe1+ (42... Qxd4+ $2 43. Kb3 $19) 43. Kb3 Qa1 $19) 38... Qxh2 39. Qxh2 (39. Qxc6 $2 f5 $19 (39... Qg1+ $2 40. Kd2 $19) (39... Qg1+ $2 40. Kd2 $19)) 39... Rxh2 {[%emt 0:00:02][%mdl 4096] Endgame. KRR-KRB} 40. Rb1 (40. Rxa7 f5 41. Rf8 Rh1+ 42. Kd2 Rf1 $18) 40... f5 {[%emt 0:07:33] [#]} (40... Kf5 $142 41. d5 cxd5) 41. d5 $1 cxd5 (41... Rh7 42. d6) 42. c6 {[%emt 0:00:04] And now c7 would win.} Rh7 43. Rc1 {[%emt 0:05:13] aiming for c7.} d4 44. c7 dxe3 45. fxe3 (45. c8=R $2 Rh1#) 45... f4 46. c8=Q+ {[%emt 0:00:14] Weighted Error Value: White=0.14 (very precise) /Black=0.46.  Loses game:     	---       	Black=1      Mistake:       	White=4     	Black=3      Inaccurate:     	---       	Black=3      OK:         	White=18    	Black=13     Best:        	White=2     	Black=2      Strong:       	White=1     	---        Brilliant:      	White=1     	---} (46. c8=B+ Kg3 47. Rc3 (47. exf4 $2 e3 $19) 47... Rh1+ 48. Kd2 Rh2+ 49. Kc1 Rh1+ 50. Kb2 Rh2+ 51. Kb3 (51. Rc2 $2 Rxc2+ 52. Kxc2 fxe3 $19) 51... Bd1+ 52. Kc4 f3 $11) 1-0